 Dungeon Crawl Stone Soup version 0.23-a0-494-g91793a9 (webtiles) character file.

11 zishaf the Sneak (level 2, -2/17 HPs)
             Began as a Kobold Assassin on Dec 4, 2018.
             Slain by a hobgoblin
             ... wielding a cursed +0 club
              (4 damage)
             ... on level 1 of the Dungeon.
             The game lasted 00:00:53 (530 turns).

zishaf the Sneak (Kobold Assassin)                   Turns: 530, Time: 00:00:53

Health: -2/17      AC:  3    Str:  8    XL:     2   Next: 40%
Magic:  2/2        EV: 15    Int: 12    God:
Gold:   74         SH:  0    Dex: 16    Spells: 1/1 levels left

rFire    . . .     SeeInvis .   a - +2 dagger
rCold    . . .     Gourm    .   (shield restricted)
rNeg     . . .     Faith    .   c - +0 robe
rPois    .         Spirit   .   (no helmet)
rElec    .         Reflect  .   d - +0 cloak
rCorr    .         Harm     .   (no gloves)
MR       .....                  (no boots)
Stlth    +++.......             (no amulet)
HPRegen  0.05/turn              (no ring)
MPRegen  0.08/turn              (no ring)

@: no status effects
A: small, carnivore
a: no special abilities


You were on level 1 of the Dungeon.
You were full.

You visited 1 branch of the dungeon, and saw 1 of its levels.

You collected 74 gold pieces.

Inventory:

Hand Weapons
 a - a +2 dagger (weapon)
 b - a +0 blowgun
Missiles
 e - 8 poisoned needles
 f - 2 curare-tipped needles
 i - 11 sling bullets
Armour
 c - a +0 robe (worn)
 d - a +0 cloak (worn)
Scrolls
 h - a scroll of fog {unknown}
 j - a scroll of remove curse {unknown}
 k - a scroll of identify {unknown}
 l - a scroll of random uselessness {unknown}
 m - a scroll of teleportation {unknown}
Comestibles
 g - a ration


   Skills:
 - Level 2.1 Fighting
 + Level 3.1 Short Blades
 - Level 2.1 Throwing
 + Level 1.8 Dodging
 + Level 5.6 Stealth


You had one spell level left.
You didn't know any spells.
Your spell library was empty.

Dungeon Overview and Level Annotations

Branches:
Dungeon (1/15)

Altars:


Innate Abilities, Weirdness & Mutations

You are small and have problems with some larger weapons.
You are carnivorous and can eat meat at any time.


Message History

The hobgoblin hits you but does no damage.
You hit the kobold.
The kobold is severely wounded.
The kobold hits you.
The hobgoblin hits you but does no damage.
You hit the kobold.
You kill the kobold!
The hobgoblin closely misses you.
You closely miss the hobgoblin. You barely miss the hobgoblin.
The hobgoblin hits you with a cursed +0 club.
You are too injured to fight recklessly!
You are too injured to fight recklessly!
You hit the hobgoblin.
The hobgoblin is lightly wounded.
The hobgoblin hits you with a cursed +0 club.
* * * LOW HITPOINT WARNING * * *
You hit the hobgoblin but do no damage.
The hobgoblin hits you with a cursed +0 club.
You die...

.. #.##.#.#####.##
... #.##.#.......#
... #.##.#########
########....#######
...#(............#
###.#.####........#
#$.....# #........#
#.#..(.# #........#
#..@.# #.>......#
#...g.# ##.......#
+.....# #.......#
#.....# #.......#
###.$.# #.......#
##.## ....>...# #.#
#.#


You could see a hobgoblin.

Vanquished Creatures
  A dart slug (D:1)
  A ball python (D:1)
  2 goblins (D:1)
  2 bats (D:1)
  A frilled lizard (D:1)
  3 kobolds (D:1)
  A rat (D:1)
11 creatures vanquished.

Notes
Turn   | Place    | Note
-------+----------+-------------------------------------------
     0 | D:1      | zishaf the Kobold Assassin began the quest for the Orb.
     0 | D:1      | Reached XP level 1. HP: 12/12 MP: 1/1
   236 | D:1      | Reached XP level 2. HP: 17/17 MP: 2/2
   530 | D:1      | Slain by a hobgoblin

Vault maps used:
D:1:      elethiomel_arrival_maze, serial_forest, infiniplex_forest_end_2,
          infiniplex_forest_straight_2, infiniplex_forest_lined_2,
          infiniplex_forest_clump_small, infiniplex_forest_lined_room_

Skill      XL: |  1 |
---------------+----+-----
Short Blades   | 3 |  3.1
Fighting       | |  2.1
Throwing       | |  2.1
Dodging        | |  1.8
Stealth        | |  5.6

Action                   || total
-------------------------++-------
Melee: Dagger            ||    30
 Stab: Sleeping          ||     3
  Eat: Chunk             ||     4
Armor: Robe              ||    15
Dodge: Dodged            ||    28

Table legend:
 A = Non-vault XP
 B = Vault XP
 C = Vault XP percentage of total XP
 D = Non-vault monster count
 E = Vault monster count
 F = Vault count percentage of total count
                 A         B        C        D         E       F
            +---------+---------+-------+---------+---------+-------
      Total |      17 |       0 |   0.0 |      11 |       0 |   0.0
            +---------+---------+-------+---------+---------+-------
        D:1 |      17 |       0 |   0.0 |      11 |       0 |   0.0
            +---------+---------+-------+---------+---------+-------
